 Dungeon Crawl Stone Soup version 0.28-b1-25-g9875b3fc8c (console) character file.

Game seed: 3589968572832403797

23 syban the Digger (level 2, 22/22 HPs)
             Began as a Palentonga Earth Elementalist on Jan 31, 2022.
             Was a Follower of Nemelex Xobeh.
             Quit the game on level 1 of the Dungeon.
             The game lasted 00:03:29 (1766 turns).

syban the Digger (Palentonga Earth Elementalist)    Turns: 1766, Time: 00:03:29

Health: 22/22      AC:  4    Str: 11    XL:     2   Next: 72%
Magic:  5/5        EV: 10    Int: 15    God:    Nemelex Xobeh [*.....]
Gold:   68         SH:  0    Dex: 10    Spells: 4/5 levels left

rFire   . . .      SeeInvis +   f - +0 falchion
rCold   . . .      Faith    .   (no shield)
rNeg    . . .      Spirit   .   b - +0 robe
rPois   .          Reflect  .   (no helmet)
rElec   .          Harm     .   (no cloak)
rCorr   .          Rampage  .   (no gloves)
Will    .....                   (no barding)
Stlth   +.........              (no amulet)
HPRegen 0.07/turn               (no ring)
MPRegen 0.09/turn               (no ring)

@: no status effects
A: large, rugged brown scales 3, see invisible, deformed body, roll 1, armoured
tail
a: Rolling Charge, Renounce Religion, Draw Escape, Draw Destruction, Draw
Summoning


You were on level 1 of the Dungeon.
You worshipped Nemelex Xobeh.
Nemelex Xobeh was aware of your devotion.
You visited 1 branch of the dungeon, and saw 1 of its levels.

You collected 68 gold pieces.

Inventory:

Hand Weapons
 e - a +0 short sword
 f - a +0 falchion (weapon)
Missiles
 c - 35 stones
Armour
 b - a +0 robe (worn)
Jewellery
 h - a ring of willpower
Scrolls
 k - a scroll of amnesia
Potions
 d - 2 potions of haste {unknown}
 g - a potion of degeneration {unknown}
 i - a potion of mutation {unknown}
 j - a potion of flight {unknown}


   Skills:
 * Level 1.2 Fighting
 * Level 1.0 Armour
 + Level 2.0 Dodging
 - Level 1.2 Stealth
 - Level 2.0 Spellcasting
 - Level 1.0 Transmutations
 - Level 2.6 Earth Magic


You had 4 spell levels left.
You knew the following spells:

 Your Spells              Type           Power      Damage    Failure   Level
a - Sandblast             Erth           18%        2d7       8%          1

Your spell library contained the following spells:

 Spells                   Type           Power      Damage    Failure   Level
 Passwall                 Tmut/Erth      5%         N/A       16%         2
 Stone Arrow              Conj/Erth      10%        3d7       36%         3
 Petrify                  Tmut/Erth      7%         N/A       71%         4


Dungeon Overview and Level Annotations

Branches:
Dungeon (1/15)

Altars:
Nemelex Xobeh


Innate Abilities, Weirdness & Mutations

You are completely covered in rugged brown scales. (AC +3, +7% HP)
You have supernaturally acute eyesight. (SInv)
Armour fits poorly on your strangely shaped body.
You can roll at nearby foes to attack.
You have a long armoured tail.


Message History

No target in view!
No target in view!
No target in view!
No target in view!
No target in view!
No target in view!
No target in view!
You see here a rat corpse.
There is a stone staircase leading down here.
Found a faded altar of an unknown god.
Done exploring.
Done exploring.
Done exploring.
Done exploring.
Search for what [? for help]? .
You see here a +0 club.
There is a stone staircase leading down here.
There is a faded altar of an unknown god here.
As you read the scroll labelled QEREADICAPS, it crumbles to dust.
It is a scroll of amnesia.
Really abort (and waste the scroll)? [Y]es or [N]o only, please.
Really abort (and waste the scroll)? [Y]es or [N]o only, please.
Really abort (and waste the scroll)?
Okay, then.
Unknown command.
Press < or > to pray at altars.
As you read the scroll labelled POUNLU XEHONO, it crumbles to dust.
You feel momentarily disoriented.
It was a scroll of magic mapping.
Unknown command.
Press < or > to pray at altars.
You cannot tell which god this altar belongs to.
Convert to them anyway?
Nemelex Xobeh accepts your prayer! Nemelex Xobeh welcomes you!
You can now draw from decks of power.
Nemelex will now gift you decks of power as you gain piety.
Nemelex Xobeh deals you some cards!
You now have 3 escape cards, 5 destruction cards and 4 summoning cards.
Are you sure you want to abandon this character and quit the game? (Confirm with "yes".)

#.#...................
#.#.##.......#########
#.#.##.......#####
#.#..............#
#.#..#.......###.#####
#.#..#.......###......
#.#######.....####.###
#.# ######.#.#.##.....
#.###@8.##.........###
#.##8P.###.....##.##
#.##.#..##..#.....#
#.####..###...########
#.###..P####.## #....
#.##..####...#####.#.#
#.###..###.>......†..#
#.####..###.######.###
#...##8.8##..# #....


There were no monsters in sight!

Vanquished Creatures
  2 bats (D:1)
  An endoplasm (D:1)
  A giant cockroach (D:1)
  A goblin (D:1)
  A hobgoblin (D:1)
  5 jackals (D:1)
  A quokka (D:1)
  2 ball pythons (D:1)
  A frilled lizard (D:1)
  3 kobolds (D:1)
  2 rats (D:1)
20 creatures vanquished.

Notes
Turn   | Place    | Note
-------+----------+-------------------------------------------
     0 | D:1      | syban the Palentonga Earth Elementalist began the quest for
                  | the Orb.
     0 | D:1      | Reached XP level 1. HP: 13/13 MP: 3/3
   673 | D:1      | Reached XP level 2. HP: 7/21 MP: 3/5
  1106 | D:1      | Reached skill level 1 in Fighting
  1601 | D:1      | Reached skill level 1 in Armour
  1629 | D:1      | Found a faded altar of an unknown god.
  1765 | D:1      | Prayed at the altar of an unknown god.
  1765 | D:1      | Became a worshipper of Nemelex Xobeh the Trickster
  1765 | D:1      | Reached * piety under Nemelex Xobeh
  1765 | D:1      | Received a gift from Nemelex Xobeh
  1766 | D:1      | Quit the game

Illustrated notes

Levels and vault maps discovered:
D:1:      evilmike_arrival_hilbert_curve, layout_loops_ring,
          shapermc_ecumenical_altar_petra

Skill      XL: |  1  2 |
---------------+-------+-----
Fighting       | 1 |  1.2
Dodging        | 2 |  2.0
Armour         | 1 |  1.0
Stealth        | |  1.2
Spellcasting   | |  2.0
Transmutations | |  1.0
Earth Magic    | |  2.6

Action                   || total
-------------------------++-------
Melee: Unarmed           ||    41
       Falchion          ||    33
       Tailslap          ||     3
 Cast: Sandblast         ||    11
  Use: Scroll            ||     2
Armor: Robe              ||    49
Dodge: Dodged            ||    50
